 Dungeon Crawl Stone Soup version 0.21-a0-442-g848f44b (webtiles) character file.

326 arkorax the Ducker (level 6, -7/51 HPs)
             Began as a Gnoll Gladiator on Nov 14, 2017.
             Was an Initiate of Okawaru.
             Killed from afar by kae's ghost (30 damage)
             ... with a stone arrow
             ... on level 5 of the Dungeon on Nov 15, 2017.
             The game lasted 00:08:47 (3926 turns).

arkorax the Ducker (Gnoll Gladiator)                Turns: 3926, Time: 00:08:47

Health: -7/51      AC: 12    Str: 18    XL:     6   Next: 49%
Magic:  8/8        EV: 16    Int: 10    God:    Okawaru [......]
Gold:   110        SH:  0    Dex: 17    Spells: 9/9 levels left

rFire    + . .     SeeInvis .   l - +1 spear
rCold    + . .     Gourm    .   (no shield)
rNeg     . . .     Faith    .   h - +0 scale mail
rPois    +         Spirit   .   c - +0 helmet
rElec    +         Reflect  .   (no cloak)
rCorr    +         Harm     .   w - +0 pair of gloves
MR       .....                  i - +0 pair of boots
Stlth    +.........             (no amulet)
HPRegen  0.17/turn              j - +2 ring of evasion
MPRegen  0.11/turn              (no ring)

@: resistant, flying, hasted, very quick
A: distributed training, fangs 1, icy blue scales 1, low mp 1, shaggy fur 1,
strong nose
a: Renounce Religion


You were on level 5 of the Dungeon.
You worshipped Okawaru.
Okawaru was noncommittal.
You were not hungry.

You visited 2 branches of the dungeon, and saw 7 of its levels.

You collected 110 gold pieces.

Inventory:

Hand Weapons
 a - a +0 flail
 l - a +1 spear (weapon)
 n - a +3 vampiric dagger
 q - a cursed -3 hand axe
 v - a +0 trident
 y - a +0 halberd of freezing
Missiles
 d - 3 throwing nets (quivered)
Armour
 c - a +0 helmet (worn)
 h - a +0 scale mail (worn)
 i - a +0 pair of boots (worn)
 w - a +0 pair of gloves (worn)
Jewellery
 j - a +2 ring of evasion (left hand)
Scrolls
 g - 2 scrolls of enchant weapon
 s - 2 scrolls of remove curse
 t - 2 scrolls of identify
Potions
 r - a potion of heal wounds
 u - 2 potions of cancellation
 x - a potion of haste
Comestibles
 b - a royal jelly
 f - 2 bread rations
 p - a meat ration
 A - 4 fruits


   Skills:
 + Level 5.0 Fighting
 + Level 2.0 Short Blades
 + Level 2.0 Long Blades
 + Level 2.0 Axes
 + Level 6.8 Maces & Flails
 + Level 2.0 Polearms
 + Level 2.0 Staves
 + Level 2.0 Slings
 + Level 2.0 Bows
 + Level 2.0 Crossbows
 + Level 5.0 Throwing
 + Level 2.0 Armour
 + Level 6.8 Dodging
 + Level 2.0 Stealth
 + Level 2.0 Shields
 + Level 2.0 Unarmed Combat
 + Level 2.0 Spellcasting
 + Level 1.5 Conjurations
 + Level 1.5 Hexes
 + Level 1.5 Charms
 + Level 1.5 Summonings
 + Level 1.5 Necromancy
 + Level 1.5 Translocations
 + Level 1.5 Transmutations
 + Level 1.5 Fire Magic
 + Level 1.5 Ice Magic
 + Level 1.5 Air Magic
 + Level 1.5 Earth Magic
 + Level 1.5 Poison Magic
 + Level 2.1 Invocations
 + Level 2.0 Evocations


You had 9 spell levels left.
You didn't know any spells.

Dungeon Overview and Level Annotations

Branches:
Dungeon (6/15)             Temple (1/1) D:4

Altars:
Cheibriados
Dithmenos
Elyvilon
Gozag
Hepliaklqana
Kikubaaqudgha
Makhleb
Nemelex Xobeh
Okawaru
Vehumet
Wu Jian
Xom
Zin

Annotations:
D:3 zero's ghost, amateur GrBe
D:5 kae's ghost, novice GrEE


Innate Abilities, Weirdness & Mutations

Your experience applies equally to all skills.
You have very sharp teeth.
Your uncanny sense of smell can sniff out nearby items.
You are partially covered in icy blue scales. (AC +2)
Your magical capacity is low. (-10% MP)
You are covered in fur. (AC +1)


Message History

You barely miss kae's ghost. Your bite misses kae's ghost.
Kae's ghost is lightly damaged.
Kae's ghost casts a spell at you. The blast of sand misses you.
You barely miss kae's ghost.
Kae's ghost is lightly damaged.
You closely miss kae's ghost.
Kae's ghost is lightly damaged.
Kae's ghost closely misses you.
You hit kae's ghost.
Kae's ghost is moderately damaged.
Kae's ghost hits you.
You closely miss kae's ghost.
Kae's ghost is moderately damaged.
You hit kae's ghost but do no damage.
Kae's ghost is moderately damaged.
Kae's ghost casts a spell at you. The stone arrow hits you!
Ouch! That really hurt!
You die...

.........# ##..##
.........#####..##
...........##..##
8........#....##
..........##..##
8..##....####..########
### ###### #..........
##W######### #@># ####


You could see kae's ghost.

Vanquished Creatures
  An orc priest (D:3)
  2 orc wizards (D:4)
  A worker ant (D:4)
  7 adders
  4 gnolls (D:4)
  An ooze (D:1)
  2 worms (D:4)
  3 dart slugs
  2 leopard geckos
  11 orcs
  A bat zombie (D:2)
  3 giant cockroaches
  19 goblins
  9 hobgoblins
  5 jackals
  7 kobolds
  3 quokkas
  A ball python (D:1)
  6 bats
  3 frilled lizards
  9 rats
100 creatures vanquished.

Notes
Turn   | Place    | Note
-------+----------+-------------------------------------------
     0 | D:1      | arkorax the Gnoll Gladiator began the quest for the Orb.
     0 | D:1      | Reached XP level 1. HP: 20/20 MP: 1/1
   224 | D:1      | Reached XP level 2. HP: 25/26 MP: 2/2
   547 | D:1      | Reached XP level 3. HP: 31/31 MP: 3/3
   719 | D:2      | Reached skill level 1 in Invocations
   744 | D:2      | Reached skill level 1 in Short Blades
   744 | D:2      | Reached skill level 1 in Long Blades
   744 | D:2      | Reached skill level 1 in Axes
   744 | D:2      | Reached skill level 1 in Polearms
   744 | D:2      | Reached skill level 1 in Staves
   744 | D:2      | Reached skill level 1 in Slings
   744 | D:2      | Reached skill level 1 in Bows
   744 | D:2      | Reached skill level 1 in Crossbows
   744 | D:2      | Reached skill level 1 in Armour
   744 | D:2      | Reached skill level 1 in Stealth
   744 | D:2      | Reached skill level 1 in Shields
   744 | D:2      | Reached skill level 1 in Unarmed Combat
   744 | D:2      | Reached skill level 1 in Spellcasting
   744 | D:2      | Reached skill level 1 in Evocations
   875 | D:2      | Reached XP level 4. HP: 38/38 MP: 5/5
   876 | D:2      | Found an ancient bone altar of Kikubaaqudgha.
  1109 | D:2      | Reached skill level 1 in Conjurations
  1109 | D:2      | Reached skill level 1 in Hexes
  1109 | D:2      | Reached skill level 1 in Charms
  1109 | D:2      | Reached skill level 1 in Summonings
  1109 | D:2      | Reached skill level 1 in Necromancy
  1109 | D:2      | Reached skill level 1 in Translocations
  1109 | D:2      | Reached skill level 1 in Transmutations
  1109 | D:2      | Reached skill level 1 in Fire Magic
  1109 | D:2      | Reached skill level 1 in Ice Magic
  1109 | D:2      | Reached skill level 1 in Air Magic
  1109 | D:2      | Reached skill level 1 in Earth Magic
  1109 | D:2      | Reached skill level 1 in Poison Magic
  1147 | D:2      | Found a glowing silver altar of Zin.
  1467 | D:3      | Reached XP level 5. HP: 41/43 MP: 6/6
  2128 | D:3      | Noticed zero's ghost (amateur GrBe)
  2636 | D:4      | Found a staircase to the Ecumenical Temple.
  2657 | Temple   | Entered the Ecumenical Temple
  2765 | Temple   | Became a worshipper of Warmaster Okawaru
  2870 | D:4      | Reached XP level 6. HP: 16/50 MP: 8/8
  3279 | D:4      | Found a snail-covered altar of Cheibriados.
  3388 | D:4      | Reached skill level 5 in Fighting
  3388 | D:4      | Reached skill level 5 in Throwing
  3588 | D:4      | Found a burning altar of Makhleb.
  3701 | D:4      | Found a hazy altar of Hepliaklqana.
  3701 | D:4      | Found an opulent altar of Gozag.
  3800 | D:5      | Entered Level 5 of the Dungeon
  3851 | D:5      | Noticed kae's ghost (novice GrEE)
  3887 | D:6      | Noticed an orc warrior
  3887 | D:6      | Noticed an orc warrior
  3893 | D:5      | Gained mutation: You have sharp toenails. [potion of mutation]
  3893 | D:5      | Gained mutation: You are covered in fur. (AC +1) [potion of mutation]
  3893 | D:5      | Gained mutation: Armour fits poorly on your strangely shaped body. [potion of mutation]
  3893 | D:5      | Gained mutation: You have an increased reservoir of magic. (+10% MP) [potion of mutation]
  3894 | D:5      | Lost mutation: You have sharp toenails. [potion of mutation]
  3894 | D:5      | Lost mutation: You have an increased reservoir of magic. (+10% MP) [potion of mutation]
  3894 | D:5      | Lost mutation: Armour fits poorly on your strangely shaped body. [potion of mutation]
  3894 | D:5      | Gained mutation: Your magical capacity is low. (-10% MP) [potion of mutation]
  3894 | D:5      | Gained mutation: You are partially covered in icy blue scales. (AC +2) [potion of mutation]
  3926 | D:5      | Killed from afar by kae's ghost

Vault maps used:
D:1:      dpeg_arrival_fog, minmay_close_crescents
D:2:      lemuel_zombie_altar_kikubaaqudgha, zin_statuary
D:3:      first_bread, interstate_on_off
D:4:      nicolae_overflow_hidden_temple, lemuel_doored_altar,
          minmay_temple_entry_statues_pillars
D:5:      serial_column_ruins, column_ruins_hut_pillars, column_ruins_grid_2,
          column_ruins_corridor_straight, column_ruins_grid_1,
          column_ruins_open_small, column_ruins_open_tiny, column_ruins_grid_1,
          kennysheep_generic_room_14, uniq_duvessa, uniq_eustachio
D:6:      serial_shops, kennysheep_mini
Temple:   minmay_temple_curvy_loop

Skill      XL: |  1  2  3  4  5  6 |
---------------+-------------------+-----
Invocations    | 1 2 |  2.1
Short Blades   | 1 2 |  2.0
Long Blades    | 1 2 |  2.0
Axes           | 1 2 |  2.0
Polearms       | 1 2 |  2.0
Staves         | 1 2 |  2.0
Slings         | 1 2 |  2.0
Bows           | 1 2 |  2.0
Crossbows      | 1 2 |  2.0
Armour         | 1 2 |  2.0
Stealth        | 1 2 |  2.0
Shields        | 1 2 |  2.0
Unarmed Combat | 1 2 |  2.0
Spellcasting   | 1 2 |  2.0
Evocations     | 1 2 |  2.0
Conjurations   | 1 |  1.5
Hexes          | 1 |  1.5
Charms         | 1 |  1.5
Summonings     | 1 |  1.5
Necromancy     | 1 |  1.5
Translocations | 1 |  1.5
Transmutations | 1 |  1.5
Fire Magic     | 1 |  1.5
Ice Magic      | 1 |  1.5
Air Magic      | 1 |  1.5
Earth Magic    | 1 |  1.5
Poison Magic   | 1 |  1.5
Fighting       | 5 |  5.0
Throwing       | 5 |  5.0
Maces & Flails | |  6.8
Dodging        | |  6.8

Action                   |  1- 3 |  4- 6 || total
-------------------------+-------+-------++-------
Melee: Flail             |    31 |       ||    31
       Bite              |    10 |    57 ||    67
       Spear             |    62 |   367 ||   429
       Punch             |       |     4 ||     4
  Use: Scroll            |     3 |     5 ||     8
       Potion            |       |     8 ||     8
 Stab: Sleeping          |     3 |       ||     3
  Eat: Chunk             |       |     6 ||     6
       Bread ration      |       |     1 ||     1
Armor: Leather armour    |    18 |    18 ||    36
       Scale mail        |       |    59 ||    59
Dodge: Dodged            |    58 |   233 ||   291

Table legend:
 A = Spawn XP
 B = Non-spawn XP
 C = Spawn XP percentage of total XP
 D = Spawn monster count
 E = Non-spawn monster count
 F = Spawn count percentage of total count
 G = Total turns spent on level
                    A         B        C        D         E        F      G
               +---------+---------+-------+---------+---------+-------+---------
         Total |       0 |     466 |   0.0 |       0 |     100 |   0.0 |  3926
               +---------+---------+-------+---------+---------+-------+---------
           D:1 |       0 |      51 |   0.0 |       0 |      27 |   0.0 |   716
           D:2 |       0 |     107 |   0.0 |       0 |      30 |   0.0 |  1059
           D:3 |       0 |     104 |   0.0 |       0 |      26 |   0.0 |   845
           D:4 |       0 |     189 |   0.0 |       0 |      15 |   0.0 |  1021
           D:5 |       0 |      15 |   0.0 |       0 |       2 |   0.0 |   124
               +---------+---------+-------+---------+---------+-------+---------
